 Dungeon Crawl Stone Soup version 0.16-a0-4020-g6ff35b5 (console) character file.

302 MarvinPA the Digger (level 5, -10/38 HPs)
             Began as a Demigod Earth Elementalist on Feb 17, 2015.
             Mangled by a goliath beetle (26 damage)
             ... on level 4 of the Dungeon.
             The game lasted 00:09:33 (4087 turns).

MarvinPA the Digger (Demigod Earth Elementalist)    Turns: 4087, Time: 00:09:34

Health: -10/38     AC:  3    Str: 11    XL:     5   Next: 90%
Magic:  13/13      EV: 12    Int: 21    God:
Gold:   194        SH:  0    Dex: 16    Spells: 3 memorised, 3 levels left

rFire  . . .     SeeInvis .     (no weapon)
rCold  . . .     Clarity  .     c - +0 robe
rNeg   + . .     SustAb   +     (no shield)
rPois  +         Gourm    .     w - +0 helmet
rElec  .         Spirit   .     (no cloak)
rCorr  .         Warding  +     (no gloves)
rMut   .         Stasis   .     (no boots)
MR     +....                    l - amulet of warding
Stlth  ++........               t - ring of poison resistance
                                e - ring of protection from magic

@: somewhat resistant to hostile enchantments, unstealthy
A: sustain abilities
a: no special abilities


You were on level 4 of the Dungeon.
You were not hungry.

You visited 1 branch of the dungeon, and saw 4 of its levels.

You collected 194 gold pieces.


Innate Abilities, Weirdness & Mutations

Your attributes are resistant to harm.


   Skills:
 - Level 1.7 Dodging
 - Level 1.7 Stealth
 - Level 2.9 Spellcasting
 + Level 2.7 Conjurations
 - Level 0.8 Transmutations
 + Level 4.8 Earth Magic


You had 3 spell levels left.
You knew the following spells:

 Your Spells              Type           Power        Failure   Level  Hunger
a - Stoneskin             Trmt/Erth      ###.....     8%          2    ##.....
x - Stone Arrow           Conj/Erth      ###...       10%         3    ###....
z - Sandblast             Erth           ###...       1%          1    None

Inventory:

Missiles
 b - 3 stones (quivered)
 j - 2 curare-tipped needles {=f}
Armour
 c - a +0 robe (worn)
 w - a +0 helmet (worn)
Jewellery
 e - a ring of protection from magic (left hand)
 h - a +2 ring of protection
 l - an amulet of warding (around neck)
 t - a ring of poison resistance (right hand)
Scrolls
 o - a scroll of magic mapping
Potions
 g - a potion of lignification {unknown}
 i - 2 potions of heal wounds {@q2}
 q - 3 potions of flight
 r - a potion of haste {@q3}
 u - a potion of resistance {unknown}
 v - 2 potions of might {unknown}
Books
 d - a book of Geomancy
Comestibles
 a - 4 bread rations
 f - a royal jelly
 k - 3 chunks of flesh
 m - a meat ration

Dungeon Overview and Level Annotations

Branches:
Dungeon (4/15)
 Temple: D:4-7

Annotations:
D:4 jclain's ghost, average MiBe

.♣♣♣..♣♣♣♣♣♣♣. ♣♣
♣..........♣
♣♣...♣♣♣♣♣♣
♣♣♣♣...♣
♣....÷♣♣♣♣
♣.♣♣♣♣....♣♣♣
♣♣♣♣...♣♣♣
♣♣....♣♣♣♣
♣♣♣....p♣♣♣
♣♣♣♣.B..♣ ♣♣♣..♣♣
♣♣..♣ ♣♣♣♣..♣♣ ♣
♣....♣♣ ♣♣♣♣♣♣♣
♣♣♣...♣
♣♣♣♣♣♣......
♣..)♣♣♣...♣.♣♣♣♣♣♣
♣♣.))...♣♣.♣♣


You could see a goliath beetle.


Message History

You barely miss the giant newt. The giant newt barely misses you.
Aiming: Sandblast
Aim: a giant newt The blast of sand hits the giant newt.
You kill the giant newt!
Unknown command.
You see here a hound skeleton.
Your magical contamination has completely faded away.
You start resting.
You hear the brisk hiss of a distant avalanche of sand.
You see here a worker ant corpse.
j - 2 curare-tipped needles {=f} You start resting.
You hear the quick hiss of a very distant avalanche of sand.
You see here a worker ant corpse.
You butcher the worker ant corpse.
k - 3 chunks of flesh
(D) Dungeon
Where to? (Enter - D:3 @ (x,y), ? - help) Magic restored.
You see here a hound skeleton.
The goliath beetle is too close now for your liking.
Unknown command.
The goliath beetle twitches its antennae in your direction.
The goliath beetle bites you but does no damage.
You hit the goliath beetle but do no damage.
The goliath beetle is moderately wounded.
The goliath beetle bites you!!
Ouch! That really hurt!
You die...

Action                   |  1- 3 |  4- 6 || total
-------------------------+-------+-------++-------
Melee: Unarmed           |    10 |    15 ||    25
 Cast: Sandblast         |   113 |    97 ||   210
       Stone Arrow       |       |     2 ||     2
  Use: Scroll            |     6 |     5 ||    11
       Potion            |       |     3 ||     3
 Stab: Sleeping          |     1 |       ||     1
  Eat: Chunk             |     6 |     4 ||    10

Vault maps used:
D:1:      minmay_arrival_checkered_box, st_stairs_14, feat_on_display
D:2:      kennysheep_generic_room_8
D:3:      uniq_robin
D:4:      forest_paths, nicolae_overflow_quartered_altars,
          nicolae_ossuary_entry_giza

Notes
Turn   | Place    | Note
--------------------------------------------------------------
     0 | D:1      | MarvinPA, the Demigod Earth Elementalist, began the quest for the Orb.
     0 | D:1      | Reached XP level 1. HP: 14/14 MP: 3/3
   108 | D:1      | Reached skill level 2 in Spellcasting
   468 | D:1      | Reached XP level 2. HP: 18/20 MP: 0/5
   525 | D:1      | Reached skill level 3 in Earth Magic
  1199 | D:2      | Reached XP level 3. HP: 14/26 MP: 0/8
  2578 | D:3      | Learned a level 2 spell: Stoneskin
  2582 | D:3      | Learned a level 3 spell: Stone Arrow
  2587 | D:3      | Noticed Robin
  2683 | D:3      | Killed Robin
  2683 | D:3      | Reached XP level 4. HP: 26/33 MP: 2/11
  3028 | D:3      | Reached skill level 1 in Conjurations
  3194 | D:3      | Reached skill level 4 in Earth Magic
  3552 | D:4      | Noticed jclain's ghost (average MiBe)
  3651 | D:4      | Reached XP level 5. HP: 34/38 MP: 8/13
  3701 | D:4      | Reached skill level 2 in Conjurations
  3965 | D:4      | HP: 2/38 [giant newt (3)]
  4087 | D:4      | Mangled by a goliath beetle

Vanquished Creatures
  An iguana (D:4)
  An orc priest (D:3)
  2 hounds (D:4)
  An orc wizard (D:4)
  A worker ant (D:4)
  Robin (D:3)
  An adder (D:2)
  3 worms
  2 giant geckos (D:2)
  An ooze (D:2)
  6 orcs
  8 bats
  7 giant cockroaches
  5 hobgoblins
  2 ball pythons (D:1)
  8 giant newts
  23 goblins
  11 kobolds
  12 rats
96 creatures vanquished.
